AoeStats
← 🅡🅐🅨🅖🅞🅝

Arabia

507501943Analyzed
1v1 RM · 13d ago on Sep 18, 2026· 18m 32s· 2 players
Game mode
Random Map
Map size
Tiny (2 player)
Population
200
Speed
Normal
Resources
Standard
Victory
Conquest
Starting age
Dark Age
Ending age
Imperial Age
RankedLock teamsTeams togetherTeam positionsShared explorationLock speedFull tech treeHidden civsTurbo modeCheats
Victory
Defeat
🇭🇰 Magyars · Hong Kong SAR China
908
+14
🇩🇰 Franks · Denmark
869
-38
🅡🅐🅨🅖🅞🅝
11:34 Feudal Age
12:09 Double-Bit Axe
12:27 Gold Mining
13:08 Loom
vincentballack
3:02 Loom
9:59 Feudal Age
11:07 Double-Bit Axe
18:32 Horse Collar
Connection lost

Rejoining the realm…

Still unreachable

The connection could not be restored.

Session expired

The server has moved on; the page needs a fresh start.